 Dungeon Crawl Stone Soup version 0.28-a0-1624-g820543e53a (webtiles) character file.

Game seed: 2808838528690855108

8835 dolemite99 the Fighter (level 11, -6/91 HPs)
             Began as a Minotaur Chaos Knight on Jan 23, 2022.
             Was a High Priest of Cheibriados.
             Mangled by a komodo dragon (25 damage)
             ... on level 1 of the Lair of Beasts.
             The game lasted 00:10:46 (11501 turns).

dolemite99 the Fighter (Minotaur Chaos Knight)     Turns: 11501, Time: 00:10:46

Health: -6/91      AC: 14    Str: 35    XL:     11   Next: 15%
Magic:  12/17      EV:  9    Int: 19    God:    Cheibriados [*****.]
Gold:   307        SH:  0    Dex: 20    Spells: 10/10 levels left

rFire   . . .      SeeInvis .     - Unarmed
rCold   . . .      Faith    +   (no shield)
rNeg    . . .      Spirit   .   y - +0 plate armour
rPois   .          Reflect  .   (helmet restricted)
rElec   .          Harm     .   (no cloak)
rCorr   .          Rampage  .   F - +0 pair of gloves
Will    .....                   (no boots)
Stlth   ..........              C - amulet of faith
HPRegen 0.25/turn               n - ring of flight
MPRegen 0.15/turn               (no ring)

@: flying, studying Maces & Flails, very slow
A: horns 2, retaliatory headbutt, clumsy 2, deterioration 1, dopey 2, frail 1
a: Renounce Religion, Bend Time, Temporal Distortion, Slouch, Step From Time


You were on level 1 of the Lair of Beasts.
You worshipped Cheibriados.
Cheibriados was extremely pleased with you.
You visited 2 branches of the dungeon, and saw 9 of its levels.
You also visited: Ossuary.

You collected 412 gold pieces.
You spent 105 gold pieces at shops.

Inventory:

Hand Weapons
 w - a +0 shortbow
 B - a +0 hunting sling
 G - a +2 vorpal shortbow
 H - the +6 falchion "Kurhushrobu" {protect, *Slow rN+ SInv Stlth+}
   (You found it on level 9 of the Dungeon)

   It grants its wielder temporary protection when it strikes (+7 to AC).
   rN:        It protects you from negative energy.
   SInv:      It lets you see invisible.
   *Slow:     It may slow you when you take damage.
   Stlth:     It makes you more stealthy.
Missiles
 c - 124 arrows
 v - 63 sling bullets
 D - 4 poisoned darts
Armour
 a - a +2 leather armour
 b - a +0 tower shield
 f - a +0 chain mail
 y - a +0 plate armour (worn)
 F - a +0 pair of gloves (worn)
Jewellery
 d - a ring of see invisible
 i - a +4 ring of evasion
 n - a ring of flight (left hand)
 A - a +4 ring of evasion
 C - an amulet of faith (around neck)
Scrolls
 g - a scroll of blinking
 h - 2 scrolls of fog
 r - a scroll of enchant weapon
 s - a scroll of magic mapping
 t - 2 scrolls of teleportation
Potions
 e - 6 potions of lignification
 j - 4 potions of brilliance
 k - a potion of resistance
 l - 4 potions of degeneration
 m - a potion of might
 o - a potion of flight
 p - a potion of curing
 q - 2 potions of magic
 u - a potion of mutation {unknown}
 x - a potion of haste {unknown}
 z - a potion of cancellation {unknown}


   Skills:
 - Level 11.0 Fighting
 - Level 4.2 Throwing
 + Level 6.4 Armour
 - Level 1.1 Dodging
 * Level 10.9 Unarmed Combat
 - Level 9.7 Invocations


You had 10 spell levels left.
You didn't know any spells.
Your spell library contained the following spells:

 Spells                   Type           Power      Damage    Failure   Level
 Magic Dart               Conj           0%         1d3       80%         1
 Searing Ray              Conj           0%         2d4       90%         2
 Fulminant Prism          Conj/Hex       0%         3d6       100%        4


Dungeon Overview and Level Annotations

Branches:
Dungeon (9/15)             Temple (0/1) D:6            Lair (1/6) D:9
    Orc (0/2) D:9         Ossuary (visited)

Altars:
Cheibriados
Fedhas
Kikubaaqudgha
Okawaru
Sif Muna
Xom

Shops:
D:5 *   D:6 *

Annotations:
D:3 1 runed translucent door, hashsling's ghost, weakling DrTm
D:8 exclusion: downstairs


Innate Abilities, Weirdness & Mutations

You have a pair of horns on your head.
You reflexively headbutt those who attack you in melee.
You are very clumsy. (Dex -4)
Your body sometimes deteriorates upon taking damage.
You are very dopey. (Int -4)
You are frail. (-10% HP)


Message History

You start resting.
A komodo dragon comes into view.
A komodo dragon is nearby!
A komodo dragon is nearby!
The komodo dragon hisses angrily.
Aiming: Throw Flame
Press: ? - help, Shift-Dir - straight line, f - komodo dragon
Aim: a komodo dragon (77% to hit)
Okay, then.
Aiming: Throw Flame
Press: ? - help, Q - select action, (/) - cycle Shift-Dir - straight line, f - komodo dragon
Aim: a komodo dragon (77% to hit)
The puff of flame hits the komodo dragon.
The komodo dragon is lightly wounded.
Aiming: Throw Flame
Press: ? - help, Q - select action, (/) - cycle Shift-Dir - straight line, f/p - komodo dragon
Aim: a komodo dragon (77% to hit)
The puff of flame hits the komodo dragon.
The komodo dragon is lightly wounded.
Aiming: Throw Flame
Press: ? - help, Q - select action, (/) - cycle Shift-Dir - straight line, f/p - komodo dragon
Aim: a komodo dragon (lightly wounded, 77% to hit)
The puff of flame misses the komodo dragon.
Aiming: Throw Flame
Press: ? - help, Q - select action, (/) - cycle Shift-Dir - straight line, f/p - komodo dragon
Aim: a komodo dragon (lightly wounded, 77% to hit)
The puff of flame hits the komodo dragon.
The komodo dragon is lightly wounded.
The now-empty wand crumbles to dust.
The komodo dragon bites you!!
* * * LOW HITPOINT WARNING * * *
You hit the komodo dragon. Your headbutt misses the komodo dragon.
The komodo dragon is moderately wounded.
Okay, then.
Activating: Slouch (1% risk of failure)
Press: ? - help, Dir - look around, f - activate You can feel time thicken for a moment.
Cheibriados lowers the support of your attributes as your movement quickens.
The komodo dragon bites you!!
You die...

#.# #....########
#.# ##.P.# #.#
##.#.#
.######.###....#
.........###.#.##
..#P##.#.###...P#
###.......##
##lP.#.###
#.@###.# #...#
P.# #.... ..#
#.#..P####
......## ....####
.##.#


You could see a komodo dragon.

Vanquished Creatures
  A hydra (Lair:1)
  A two-headed ogre (D:8)
  An ugly thing (D:7)
  Joseph (D:7)
  A cane toad (Lair:1)
  2 trolls
  12 yaks
  A wyvern (D:9)
  A steam dragon (D:6)
  3 water moccasins (Lair:1)
  3 orc warriors
  An ice beast (D:7)
  2 sky beasts
  2 ogres (D:5)
  5 wolves
  3 centaurs
  2 phantoms
  2 bullfrogs
  10 scorpions
  3 killer bees (D:9)
  3 wights (D:7)
  2 electric eels (D:9)
  3 centaur zombies
  A bullfrog skeleton (D:6)
  6 hounds
  2 jellies
  8 orc priests
  2 iguanas (D:6)
  A centaur skeleton (D:7)
  A human zombie (Ossuary)
  9 orc wizards
  6 scorpion zombies (Ossuary)
  A killer bee zombie (D:5)
  3 mummies (Ossuary)
  3 gnolls (D:6)
  3 adders
  3 white imps
  An ufetubus (D:7)
  A worm (D:3)
  2 dart slugs
  40 orcs
  4 ball pythons
  5 bats
  9 endoplasms
  3 giant cockroaches (D:1)
  A gnoll zombie (Ossuary)
  2 goblins
  4 hobgoblins
  10 jackals
  2 kobolds
  5 quokkas
  6 frilled lizards (D:2)
  4 goblin zombies (Ossuary)
  6 hobgoblin zombies (Ossuary)
  2 kobold zombies (Ossuary)
  2 orc zombies (Ossuary)
  8 rats
231 creatures vanquished.

Vanquished Creatures (others)
  An orc wizard (D:8)
  3 fungi (Lair:1)
  2 plants (Lair:1)
6 creatures vanquished.

Grand Total: 237 creatures vanquished

Notes
Turn   | Place    | Note
-------+----------+-------------------------------------------
     0 | D:1      | dolemite99 the Minotaur Chaos Knight began the quest for
                  | the Orb.
     0 | D:1      | Reached XP level 1. HP: 19/19 MP: 0/0
    69 | D:1      | Found a faded altar of an unknown god.
    76 | D:1      | Prayed at the altar of an unknown god.
    76 | D:1      | Fell from the grace of Xom
    76 | D:1      | Became a worshipper of Cheibriados the Contemplative
    76 | D:1      | Reached * piety under Cheibriados
   154 | D:1      | Reached XP level 2. HP: 22/26 MP: 1/1
   461 | D:1      | Reached ** piety under Cheibriados
   563 | D:1      | Reached XP level 3. HP: 31/31 MP: 2/2
   839 | D:2      | XOM: give mutations
   839 | D:2      | Gained mutation: Your body sometimes deteriorates upon
                  | taking damage. [Xom's mischief]
   839 | D:2      | Gained mutation: You are dopey. (Int -2) [Xom's mischief]
   839 | D:2      | Gained mutation: You are frail. (-10% HP) [Xom's mischief]
   839 | D:2      | Gained mutation: You are clumsy. (Dex -2) [Xom's mischief]
   950 | D:2      | Reached skill level 5 in Unarmed Combat
  1345 | D:3      | Reached *** piety under Cheibriados
  1346 | D:3      | Reached XP level 4. HP: 35/35 MP: 3/3
  1361 | D:3      | Noticed hashsling's ghost (weakling DrTm)
  1365 | D:3      | Found a runed translucent door.
  1542 | D:3      | Noticed a scorpion
  1548 | D:3      | Killed a scorpion
  1804 | D:3      | Reached XP level 5. HP: 40/40 MP: 4/4
  1900 | D:3      | XOM: noise
  2455 | D:3      | You fall into a shaft and drop 2 floors!
  2455 | D:5      | Entered Level 5 of the Dungeon
  2488 | D:5      | Noticed a phantom
  2496 | D:5      | Killed a phantom
  2497 | D:5      | Reached XP level 6. HP: 43/45 MP: 5/5
  2500 | D:5      | Found Plog's Assorted Antiques.
  2500 | D:5      | XOM: 2-stop teleportation journey
  2631 | D:5      | Bought a scroll labelled SOILIR MISEU for 26 gold pieces
  2631 | D:5      | Bought a lumpy blue potion for 23 gold pieces
  2631 | D:5      | Bought a scroll labelled YLACZU FEDUO for 26 gold pieces
  2680 | D:5      | Found a sand-covered staircase.
  2694 | Ossuary  | Entered an ossuary
  2708 | Ossuary  | Reached XP level 7. HP: 45/51 MP: 6/6
  2794 | Ossuary  | Reached **** piety under Cheibriados
  2826 | Ossuary  | XOM: silly message
  3253 | Ossuary  | Reached skill level 10 in Unarmed Combat
  3448 | Ossuary  | Reached skill level 1 in Throwing
  3448 | Ossuary  | Reached XP level 8. HP: 42/57 MP: 7/7
  3514 | Ossuary  | XOM: noise
  3746 | Ossuary  | XOM: noise
  3858 | D:5      | XOM: noise
  4173 | D:5      | XOM: god gift: scroll of teleportation
  4570 | D:6      | Reached ***** piety under Cheibriados
  4571 | D:6      | Reached skill level 4 in Fighting
  4657 | D:6      | Reached skill level 5 in Fighting
  4678 | D:6      | Found an iron altar of Okawaru.
  4718 | D:6      | XOM: noise
  4998 | D:6      | Reached skill level 6 in Fighting
  5312 | D:6      | Found a staircase to the Ecumenical Temple.
  5350 | D:6      | Found Vaisuph's General Store.
  5661 | D:6      | XOM: give mutation
  5661 | D:6      | Gained mutation: You are very dopey. (Int -4) [Xom's
                  | mischief]
  5777 | D:6      | Bought a scroll of identify for 30 gold pieces
  5918 | D:6      | Reached XP level 9. HP: 46/70 MP: 8/8
  6045 | D:6      | XOM: noise
  6130 | D:7      | Noticed a troll
  6138 | D:7      | Killed a troll
  6144 | D:7      | Reached skill level 1 in Invocations
  6309 | D:7      | XOM: god gift: lumpy black potion {god gift}
  6361 | D:7      | Noticed a cyan ugly thing
  6370 | D:7      | Killed a cyan ugly thing
  6416 | D:7      | Reached skill level 5 in Invocations
  6624 | D:7      | XOM: give mutation
  6624 | D:7      | Gained mutation: You are very clumsy. (Dex -4) [Xom's
                  | mischief]
  6769 | D:7      | Noticed a boulder beetle
  6848 | D:8      | Found a shimmering blue altar of Sif Muna.
  6848 | D:8      | XOM: 9-stop teleportation journey
  7193 | D:8      | Reached XP level 10. HP: 24/75 MP: 14/14
  7199 | D:8      | HP: 2/75 [yak (11)]
  7256 | D:8      | XOM: scenery: create altars
  7801 | D:8      | Noticed a two-headed ogre
  7806 | D:8      | Killed a two-headed ogre
  8151 | D:8      | XOM: noise
  8151 | D:8      | Was forgiven by Xom
  8218 | D:7      | Found a blossoming altar of Fedhas.
  8301 | D:7      | Noticed Joseph
  8321 | D:7      | Killed Joseph
  8909 | D:8      | Reached ****** piety under Cheibriados
  9312 | D:9      | Reached skill level 7 in Fighting
  9831 | D:9      | Found a staircase to the Orcish Mines.
  9834 | D:9      | Found an ancient bone altar of Kikubaaqudgha.
 10131 | D:9      | Reached skill level 8 in Fighting
 10139 | D:9      | Reached skill level 9 in Fighting
 10617 | D:9      | Reached skill level 10 in Fighting
 10857 | D:9      | Found a staircase to the Lair.
 11131 | D:9      | Identified the +6 falchion "Kurhushrobu" {protect, *Slow
                  | rN+ SInv Stlth+}
 11229 | Lair:1   | Entered Level 1 of the Lair of Beasts
 11256 | Lair:1   | Noticed an eight-headed hydra
 11264 | Lair:1   | Killed an eight-headed hydra
 11265 | Lair:1   | Reached skill level 11 in Fighting
 11265 | Lair:1   | Reached XP level 11. HP: 55/91 MP: 17/17
 11501 | Lair:1   | Mangled by a komodo dragon

Illustrated notes

Levels and vault maps discovered:
D:1:      dpeg_arrival_tiny_j, layout_basic, basic_ecumenical_altar
D:2:      layout_basic, minmay_lizard_pond
D:3:      layout_basic, hellmonk_ghost_happy_afterlife, dk_noncrumbling_4,
          grunt_decor_resistance
D:5:      layout_rooms, chequers_ossuary_entry_cave, serial_shops,
          nicolae_shop_waterfront
D:6:      layout_cave_pods, lemuel_doored_altar,
          minmay_temple_entry_proselytizer, serial_shops, nicolae_shop_trees
D:7:      layout_loops_ring, mainiacjoe_overflow_concentric_impassable,
          minmay_manual_moon, uniq_joseph
D:8:      layout_loops_ring, mainiacjoe_overflow_24_doors
D:9:      layout_rooms, mainiacjoe_overflow_paths, erik_lair_island,
          lightli_orcish_oven
Lair:1:   layout_loops_ring

Skill      XL: |  1  2  3  4  5  6  7  8  9 10 |
---------------+-------------------------------+-----
Unarmed Combat | 4 5 6 7 8 10 | 10.9
Throwing       | 1 4 |  4.2
Fighting       | 6 11 | 11.0
Armour         | 4 6 |  6.4
Invocations    | 7 9 |  9.7
Dodging        | |  1.1

Action                   |  1- 3 |  4- 6 |  7- 9 | 10-12 || total
-------------------------+-------+-------+-------+-------++-------
Melee: Unarmed           |   104 |    67 |   260 |   159 ||   590
       Headbutt          |    15 |    11 |    54 |    32 ||   112
       Punch             |     1 |     2 |    13 |    18 ||    34
Throw: Dart              |       |    10 |    49 |    24 ||    83
Invok: Slouch            |       |       |       |     3 ||     3
Evoke: Wand              |       |       |       |     9 ||     9
  Use: Scroll            |       |     8 |    11 |     1 ||    20
       Potion            |       |     1 |     3 |     2 ||     6
Armor: Leather armour    |    25 |       |       |       ||    25
       Chain mail        |    18 |    18 |    94 |       ||   130
       Plate armour      |       |       |    29 |    76 ||   105
       Skin              |       |       |     3 |       ||     3
Dodge: Dodged            |    50 |    23 |    81 |    82 ||   236

Table legend: (Time is in decaauts)
 A = Elapsed time spent in this place.
 B = Non-inter-level travel time spent in this place.
 C = Inter-level travel time spent in this place.
 D = Time resting spent in this place.
 E = Time spent auto-exploring this place.
 F = Levels seen in this place.
 G = Mean time per level.
                   A        B        C        D        E       F      G
               +--------+--------+--------+--------+--------+-----+--------+
         Total |  14678 |  14398 |    280 |   5014 |   7199 |  10 | 1467.8 |
       Dungeon |  13123 |  12843 |    280 |   4407 |   6629 |   8 | 1640.4 |
          Lair |    330 |    330 |      0 |    138 |    107 |   1 |  330.0 |
       Ossuary |   1225 |   1225 |      0 |    469 |    462 |   1 | 1225.0 |
               +--------+--------+--------+--------+--------+-----+--------+

Top non-repeatable levels by time:
     D:8: 2771 daAuts
     D:6: 2197 daAuts
     D:9: 1890 daAuts
     D:7: 1849 daAuts
     D:3: 1493 daAuts
     D:5: 1305 daAuts
 Ossuary: 1225 daAuts
     D:1: 941 daAuts
     D:2: 673 daAuts
  Lair:1: 330 daAuts
